 Dungeon Crawl Stone Soup version 0.30-a0-476-g330ca2eb8e (webtiles) character file.

Game seed: 9679702652939313421

6082 arthad the Skirmisher (level 10, 0/64 HPs)
             Began as a Gargoyle Earth Elementalist on Dec 22, 2022.
             Was a Believer of Vehumet.
             Shot with an arrow by a centaur warrior (2 damage)
             ... on level 9 of the Dungeon.
             The game lasted 00:37:01 (8887 turns).

arthad the Skirmisher (Gargoyle Earth Elementalist) Turns: 8887, Time: 00:37:02

Health: 0/64       AC: 12    Str: 18    XL:     10   Next: 88%
Magic:  15/16      EV: 12    Int: 20    God:    Vehumet [**....]
Gold:   586        SH:  0    Dex: 10    Spells: 9/17 levels left

rFire   . . .      SeeInvis .    a - +6 arbalest "Damnation" {damnation}
rCold   . . .      Faith    .    (shield currently unavailable)
rNeg    + . .      Spirit   .    q - +1 robe "Ygail" {Regen+}
rPois   ∞          Reflect  .    (no helmet)
rElec   +          Harm     .    o - +0 cloak
rCorr   .          Rampage  .    F - +0 pair of gloves
Will    .....                    (no boots)
Stlth   ++........               (no amulet)
HPRegen 1.10/turn                G - +6 ring of strength
MPRegen 0.15/turn                (no ring)

@: no status effects
A: sickness immunity, AC +7, negative energy resistance 1, electricity
resistance, torment resistance 1, petrification resistance
a: Renounce Religion


You were on level 9 of the Dungeon.
You worshipped Vehumet.
Vehumet was pleased with you.
You visited 2 branches of the dungeon, and saw 10 of its levels.

You collected 1641 gold pieces.
You spent 1055 gold pieces at shops.

Inventory:

Hand Weapons
 a - the +6 arbalest "Damnation" (weapon) {damnation}
   (You bought it in a shop on level 3 of the Dungeon)

   Any ammunition fired from it explodes in a burst of damnation on striking a
   foe, dealing damage which bypasses armour.
 b - a +2 vorpal war axe
 c - a +2 quarterstaff of chaos
 h - a +0 rapier
 i - a +1 dagger of draining
 E - a +0 dagger of venom
 J - a +2 sling of electrocution
Missiles
 t - 2 curare-tipped darts
 B - 4 poisoned darts
Armour
 j - a +0 robe
 o - a +0 cloak (worn)
 q - the +1 robe "Ygail" (worn) {Regen+}
   (You took it off a crimson imp on level 7 of the Dungeon)

   Regen:     It increases your rate of health regeneration.
 y - a +1 kite shield
 F - a +0 pair of gloves (worn)
 I - +0 steam dragon scales
Jewellery
 G - a +6 ring of strength (left hand)
Wands
 r - a wand of iceblast (16)
 w - a wand of mindburst (5)
 x - a wand of flame (11)
 A - a wand of polymorph (23)
Scrolls
 g - a scroll of vulnerability
 m - a scroll of silence
 n - 4 scrolls of teleportation
 v - 3 scrolls of blinking
 z - 3 scrolls of fog
 C - a scroll of immolation {unknown}
 D - a scroll of brand weapon {unknown}
 L - a scroll of identify
 M - a scroll of enchant armour
Potions
 d - 3 potions of brilliance
 e - a potion of attraction
 f - a potion of degeneration
 k - a potion of invisibility
 l - 2 potions of curing
 p - a potion of haste
 s - 5 potions of mutation
 u - a potion of flight
 H - 2 potions of heal wounds
 K - a potion of lignification {unknown}


   Skills:
 + Level 8.1 Fighting
 * Level 9.8 Ranged Weapons
 - Level 3.0 Armour
 - Level 3.2 Dodging
 - Level 3.9 Stealth
 - Level 4.4 Spellcasting
 - Level 4.8 Conjurations
 - Level 2.6 Translocations
 - Level 2.1 Transmutations
 - Level 6.2 Earth Magic


You had 9 spell levels left.
You knew the following spells:

 Your Spells              Type           Power      Damage    Failure   Level
a - Sandblast             Erth           58%        2d13      1%          1
b - Stone Arrow           Conj/Erth      52%        3d10      3%          3
c - Blink                 Tloc           30%        N/A       6%          2
d - Poisonous Vapours     Pois/Air       8%         N/A       19%         2

Your spell library contained the following spells:

 Spells                   Type           Power      Damage    Failure   Level
 Frozen Ramparts          Ice            8%         1d2       36%         3
 Passwall                 Tmut/Erth      17%        N/A       3%          2
 Momentum Strike          Conj/Tloc      38%        3d9       4%          2
 Wereblood                Tmut           12%        N/A       8%          2
 Gell's Gravitas          Tloc           15%        N/A       12%         3
 Lesser Beckoning         Tloc           30%        N/A       12%         3
 Teleport Other           Tloc           15%        N/A       12%         3
 Dazzling Flash           Conj/Hex       28%        N/A       14%         3
 Mephitic Cloud           Conj/Pois/Air  10%        N/A       19%         3
 Petrify                  Tmut/Erth      21%        N/A       22%         4
 Kindle Blastsparks       Fire/Tloc/Air  16%        2d11      26%         3
 Iskenderun's Mystic Bla  Conj/Tloc      19%        2d6       26%         4
 Ignite Poison            Fire/Tmut/Pois 7%         N/A       28%         3
 Animate Armour           Summ/Erth      32%        N/A       34%         4
 Inner Flame              Hex/Fire       4%         N/A       36%         3
 Flame Wave               Conj/Fire      14%        2d6       41%         4
 Sticky Flame             Conj/Fire      14%        2d4       41%         4
 Cause Fear               Hex            2%         N/A       77%         4
 Blade Hands              Tmut           6%         N/A       82%         5
 Freezing Cloud           Conj/Ice/Air   5%         6-21      87%         5
 Iron Shot                Conj/Erth      13%        9d3       89%         6
 Starburst                Conj/Fire      7%         6d4       100%        6
 Dragon Form              Tmut           6%         N/A       100%        7
 Summon Hydra             Summ           2%         N/A       100%        7
 Dragon's Call            Summ           2%         N/A       100%        9
 Cigotuvi's Dreadful Rot  Necr/Pois/Air  Unusable   N/A       N/A         2
 Sublimation of Blood     Necr           Unusable   N/A       N/A         2

Dungeon Overview and Level Annotations

Branches:
Dungeon (9/15)             Temple (1/1) D:4
   Lair: D:8-11         Orc: D:9-12

Altars:
Ashenzari
Cheibriados
Dithmenos
Elyvilon
Fedhas
Gozag
Hepliaklqana
Kikubaaqudgha
Makhleb
Nemelex Xobeh
Okawaru
Qazlal
Ru
Sif Muna
Trog
Uskayaw
Vehumet
Wu Jian
Xom
Yredelemnul
Zin
The Shining One

Shops:
D:1 ?   D:3 ([   D:7 =   D:8 :   D:9 *


Innate Abilities, Weirdness & Mutations

You are immune to sickness and miasma.
Your stone body is resilient. (AC +7)
You are immune to poison.
You resist negative energy. (rN+)
You are resistant to electric shocks. (rElec)
You are resistant to unholy torment.
You are immune to petrification.


Message History

Press: ? - help, Q - select action, (/) - cycle Shift-Dir - straight line, f/p - killer bee
Aim: a killer bee (almost dead, 44% to hit)
Okay, then.
Casting: Blink (safe; 6% risk of failure)
Confirm with . or Enter, or press ? or * to list all spells.
You don't know that spell.
Casting: Blink (safe; 6% risk of failure)
Confirm with . or Enter, or press ? or * to list all spells.
Aiming: Sandblast (safe; 1% risk of failure)
Press: ? - help, Shift-Dir - straight line, f/p - killer bee
Aim: a killer bee (almost dead, 65% to hit)
The blast of sand hits the killer bee.
You kill the killer bee!
Vehumet accepts your kill.
You feel stable enough to blink again.
The centaur warrior shoots an arrow.
The arrow hits you!
* * * LOW HITPOINT WARNING * * *
The arrow burns you.
* * * LOW HITPOINT WARNING * * *
The centaur warrior shoots an arrow.
The arrow hits you.
* * * LOW HITPOINT WARNING * * *
The arrow burns you.
* * * LOW HITPOINT WARNING * * *
Unknown command.
Unknown command.
Fire: a) +6 arbalest "Damnation" {damnation}
Press: ? - help, Q - select action, (/) - cycle Shift-Dir - straight line, f - centaur warrior
Aim: a centaur warrior, wielding a +0 shortbow of flaming (73% to hit)
You shoot a damnation bolt.
The damnation bolt hits the centaur warrior!
The centaur warrior is moderately wounded.
The damnation bolt explodes!
The damnation engulfs the centaur warrior.
The centaur warrior is moderately wounded.
The damnation engulfs the wyvern!
The wyvern is heavily wounded.
The centaur warrior shoots an arrow.
The arrow hits you!
* * * LOW HITPOINT WARNING * * *
The arrow burns you.
You die...

.....yy)... .......u.#
#######'### .#
#......c..# .....## ##.
#.....l...# ......# #..
#.........####....###..
#..................#...
#..................#...
#.....@................
#......................
##########.....[.......
#......#......
+.............
#.......#.....
###.......##....
................
.......<........


You could see a white ugly thing, a centaur warrior and a wyvern.

Vanquished Creatures
  A hydra (D:9)
  A two-headed ogre (D:9)
  Joseph (D:8)
  A gargoyle (D:7)
  An unseen horror (D:7)
  A wraith (D:9)
  A yak (D:7)
  Eustachio (D:6)
  2 wyverns (D:8)
  A steam dragon (D:9)
  A water moccasin (D:6)
  An orc warrior (D:6)
  A sky beast (D:7)
  A black bear (D:5)
  An ice beast (D:7)
  An ogre (D:7)
  3 centaurs
  2 phantoms
  A gnoll sergeant (D:8)
  A kobold brigand (D:7)
  A bullfrog (D:8)
  A necrophage (D:7)
  2 scorpions
  2 wights
  14 killer bees
  3 howler monkeys
  4 crimson imps (D:7)
  A jelly (D:6)
  Crazy Yiuf (D:5)
  5 orc wizards
  5 iguanas
  3 adders
  7 gnolls
  A shadow imp (D:7)
  8 white imps
  3 ufetubi
  2 worms (D:2)
  A dart slug (D:1)
  28 orcs
  5 ball pythons
  8 endoplasms
  2 giant cockroaches
  6 hobgoblins
  A quokka (D:4)
  4 bats
  4 frilled lizards
  8 goblins
  10 kobolds
  3 rats
167 creatures vanquished.

Vanquished Creatures (collateral kills)
  Maggie (D:8)
1 creature vanquished.

Grand Total: 168 creatures vanquished

Notes
Turn   | Place    | Note
-------+----------+-------------------------------------------
     0 | D:1      | arthad the Gargoyle Earth Elementalist began the quest for
                  | the Orb.
     0 | D:1      | Reached XP level 1. HP: 10/10 MP: 3/3
   251 | D:1      | Reached XP level 2. HP: 13/15 MP: 1/5
   296 | D:1      | Found Biam's Magic Scroll Boutique.
   355 | D:1      | Reached skill level 1 in Conjurations
   855 | D:2      | Reached XP level 3. HP: 20/20 MP: 2/6
   937 | D:2      | Learned a level 3 spell: Stone Arrow
   940 | D:2      | Learned a level 2 spell: Blink
  1115 | D:2      | Reached skill level 1 in Transmutations
  1474 | D:2      | Reached skill level 1 in Fighting
  1644 | D:3      | Found Ygyividd's Antique Armour Boutique.
  1770 | D:3      | Found Byas's Weapon Emporium.
  2162 | D:3      | Reached XP level 4. HP: 25/25 MP: 5/7
  2307 | D:4      | Noticed a scorpion
  2317 | D:4      | Killed a scorpion
  2318 | D:4      | Reached skill level 1 in Armour
  2318 | D:4      | Reached XP level 5. HP: 29/29 MP: 1/8
  3070 | D:4      | Found a staircase to the Ecumenical Temple.
  3080 | Temple   | Entered the Ecumenical Temple
  3140 | Temple   | Became a worshipper of Vehumet
  3333 | D:4      | Reached skill level 1 in Translocations
  3662 | D:5      | Entered Level 5 of the Dungeon
  3714 | D:5      | Noticed a phantom
  3718 | D:5      | Reached XP level 6. HP: 29/34 MP: 4/10
  3724 | D:5      | Reached skill level 1 in Ranged Weapons
  3886 | D:5      | Noticed a black bear
  3896 | D:5      | Killed a black bear
  4019 | D:5      | Found a glowing silver altar of Zin.
  4111 | D:5      | Learned a level 2 spell: Poisonous Vapours
  4144 | D:5      | Reached XP level 7. HP: 30/40 MP: 5/11
  4501 | D:5      | Found a runed translucent door.
  4502 | D:5      | Noticed Crazy Yiuf
  4925 | D:6      | Reached skill level 5 in Earth Magic
  5465 | D:6      | Reached XP level 8. HP: 26/45 MP: 3/13
  5694 | D:6      | Noticed Eustachio
  5749 | D:6      | Killed Eustachio
  5750 | D:6      | Reached skill level 2 in Ranged Weapons
  6157 | D:7      | Identified a scroll of acquirement
  6157 | D:7      | Acquired 949 gold pieces
  6274 | D:3      | Bought the +6 arbalest "Damnation" {damnation} for 880 gold
                  | pieces
  6274 | D:3      | Found the +6 arbalest "Damnation" {damnation}
  6363 | D:1      | Bought a scroll of silence for 123 gold pieces
  6363 | D:1      | Bought a scroll of fog for 52 gold pieces
  6580 | D:5      | Killed Crazy Yiuf
  6790 | D:7      | Reached * piety under Vehumet
  6790 | D:7      | Offered knowledge of Shock by Vehumet.
  6792 | D:7      | Identified the +1 robe "Ygail" {Regen+}
  6880 | D:7      | Reached skill level 3 in Ranged Weapons
  6880 | D:7      | Reached XP level 9. HP: 9/51 MP: 13/15
  7095 | D:7      | Killed an unseen horror
  7095 | D:7      | Reached ** piety under Vehumet
  7095 | D:7      | Noticed a gargoyle
  7096 | D:7      | Reached skill level 4 in Ranged Weapons
  7097 | D:7      | Killed a gargoyle
  7097 | D:7      | Offered knowledge of Foxfire by Vehumet.
  7098 | D:7      | Reached skill level 5 in Fighting
  7098 | D:7      | Reached skill level 5 in Ranged Weapons
  7257 | D:7      | Reached skill level 6 in Ranged Weapons
  7396 | D:7      | Found Qihaedih's Jewellery Shop.
  7782 | D:8      | Found Ilesk's Book Shoppe.
  7978 | D:8      | Noticed Maggie
  7996 | D:8      | Killed Maggie
  7997 | D:8      | Reached skill level 7 in Ranged Weapons
  7997 | D:8      | Reached XP level 10. HP: 60/60 MP: 16/16
  8309 | D:8      | Noticed Joseph
  8313 | D:8      | Killed Joseph
  8627 | D:9      | Found Aduuloskone's General Store.
  8675 | D:9      | Reached skill level 8 in Ranged Weapons
  8873 | D:9      | Noticed a two-headed ogre
  8877 | D:9      | Killed a two-headed ogre
  8877 | D:9      | Noticed a four-headed hydra
  8878 | D:9      | Reached skill level 9 in Ranged Weapons
  8878 | D:9      | Noticed a centaur warrior
  8880 | D:9      | Noticed a white ugly thing
  8881 | D:9      | Noticed a purple ugly thing
  8882 | D:9      | Killed a four-headed hydra
  8882 | D:9      | Noticed a white ugly thing
  8884 | D:9      | Offered knowledge of Frozen Ramparts by Vehumet.
  8887 | D:9      | HP: 2/64 [centaur warrior/arrow (7)]
  8887 | D:9      | Shot with an arrow by a centaur warrior

Illustrated notes

Levels and vault maps discovered:
D:1:      psy_arrival_statuary, layout_rooms, serial_shops, nicolae_shop_trees,
          minmay_misc_feat_rugged
D:2:      layout_loops_ring, grunt_ministairs_12
D:3:      layout_loops_ring, serial_shops, shop, nicolae_shop_window_shopping,
          feat_on_display
D:4:      layout_cave_pods, temple_hall, abandoned_shop, hex_large,
          dk_noncrumbling_4
D:5:      layout_loops_ring, zin_scriptorium, corexii_leaking_fountain,
          uniq_crazy_yiuf_cottage
D:6:      layout_loops_corners, uniq_eustachio
D:7:      minmay_chambers_of_sixes, layout_rooms, serial_shops,
          kennysheep_mini_moat, nicolae_hexahallways, minmay_nine_imps
D:8:      layout_loops_ring, serial_shops, nicolae_shop_trees, minivault_10,
          st_stairs_12, uniq_joseph, uniq_maggie
D:9:      minmay_the_grid_four_pointed_star_mashed
          [minmay_the_grid_triangle_9x9_skeleton,
          minmay_the_grid_triangle_9x9_windchime,
          minmay_the_grid_triangle_9x9_warning,
          minmay_the_grid_triangle_9x9_minimal,
          minmay_the_grid_prize_shrinking_boxes], layout_stronghold,
          serial_shops, nicolae_shop_hallway_stairs
Temple:   minmay_crystal_snake_temple

Skill      XL: |  1  2  3  4  5  6  7  8  9 10 |
---------------+-------------------------------+-----
Conjurations   | 1 2 3 4 |  4.8
Transmutations | 1 2 |  2.1
Earth Magic    | 4 5 6 |  6.2
Fighting       | 1 2 3 6 8 |  8.1
Armour         | 1 2 3 |  3.0
Dodging        | 2 3 |  3.2
Translocations | 1 2 |  2.6
Ranged Weapons | 1 3 7 9 |  9.8
Spellcasting   | 3 4 |  4.4
Stealth        | 3 |  3.9

Action                   |  1- 3 |  4- 6 |  7- 9 | 10-12 || total
-------------------------+-------+-------+-------+-------++-------
Melee: Dagger            |       |       |    14 |       ||    14
       Unarmed           |       |       |     9 |       ||     9
       War axe           |       |       |       |    18 ||    18
 Fire: Arbalest          |       |       |    83 |    39 ||   122
Throw: Dart              |       |       |     4 |       ||     4
 Cast: Sandblast         |    55 |    58 |    60 |     2 ||   175
       Stone Arrow       |       |     6 |    16 |     3 ||    25
       Poisonous Vapours |       |       |     1 |       ||     1
       Blink             |       |       |     8 |     6 ||    14
Evoke: Wand              |       |     7 |     2 |     1 ||    10
  Use: Potion            |       |     3 |     7 |       ||    10
       Scroll            |       |       |    19 |       ||    19
Armor: Robe              |     4 |    21 |    76 |    31 ||   132
Dodge: Dodged            |     5 |    28 |   135 |    36 ||   204

Table legend: (Time is in decaauts)
 A = Elapsed time spent in this place.
 B = Non-inter-level travel time spent in this place.
 C = Inter-level travel time spent in this place.
 D = Time resting spent in this place.
 E = Time spent auto-exploring this place.
 F = Levels seen in this place.
 G = Mean time per level.
                   A        B        C        D        E       F      G
               +--------+--------+--------+--------+--------+-----+--------+
         Total |   9067 |   8357 |    710 |    621 |   6449 |  10 |  906.7 |
       Dungeon |   8853 |   8179 |    674 |    621 |   6290 |   9 |  983.7 |
        Temple |    213 |    177 |     36 |      0 |    159 |   1 |  213.0 |
               +--------+--------+--------+--------+--------+-----+--------+

Top non-repeatable levels by time:
     D:5: 1547 daAuts
     D:6: 1350 daAuts
     D:4: 1258 daAuts
     D:7: 1063 daAuts
     D:8: 1026 daAuts
     D:1: 898 daAuts
     D:2: 842 daAuts
     D:3: 719 daAuts
  Temple: 213 daAuts
     D:9: 147 daAuts
